Map: Invader LE

Players

MonsterMenG - Winner!

  • Race: Protoss Protoss
  • League: Silver
  • Spawn Location: 5:00

Fropez

  • Race: Protoss Protoss
  • League: Silver
  • Spawn Location: 7:00

VOD

Have the link to the VOD?

Description

Time

  • Played on: May 18, 2016, 10:24 a.m.
  • Length: 16:19
Show
View Real Time Build Order
Export as new Build Order

MonsterMenG Protoss - Winner!

Build Orders:  

Get SALT Encoding   

  12  0:02  Probe (Chrono Boost)  
  13  0:13  Probe (Chrono Boost)  
  14  0:20  Pylon  
  14  0:23  Probe (Chrono Boost)  
  15  0:38  Probe (Chrono Boost)  
  16  0:43  Gateway  
  16  0:46  Assimilator  
  16  0:49  Probe (Chrono Boost)  
  17  1:00  Probe (Chrono Boost)  
  17  1:01  Pylon  
  18  1:11  Probe (Chrono Boost)  
  19  1:21  Probe (Chrono Boost)  
  20  1:32  Probe (Chrono Boost)  
  21  1:34  Cybernetics Core  
  21  1:37  Gateway  
  21  1:43  Probe (Chrono Boost)  
  22  1:51  Assimilator  
  23  1:54  Probe (Chrono Boost)  
  23  2:03  Pylon  
  23  2:05  Probe (Chrono Boost)  
  24  2:11  Warp Gate  
  23  2:18  Stalker (Chrono Boost)  
  25  2:25  Stalker (Chrono Boost)  
  27  2:34  Mothership Core  
  29  2:55  Stalker (Chrono Boost)  
  31  3:05  Probe  
  32  3:22  Stalker (Chrono Boost)  
  34  3:47  Nexus  
  34  3:51  Pylon, Stalker (Chrono Boost)  
  38  3:56  Stalker (Chrono Boost)  
  34  4:44  Gateway  
  34  4:46  Gateway  
  34  4:50  Gateway  
  34  5:02  Nexus  
  30  5:46  Probe  
  30  5:48  Probe  
  30  5:57  Pylon  
  30  5:58  Probe x2  
  30  6:02  Gateway  
  30  6:04  Gateway  
  30  6:07  Robotics Facility  
  30  6:09  Probe  
  30  6:11  Gateway  
  29  6:19  Probe  
  29  6:20  Probe  
  29  6:21  Forge  
  29  6:24  Probe  
  31  6:30  Probe  
  31  6:31  Probe  
  34  6:35  Probe  
  35  6:41  Probe  
  35  6:43  Probe  
  35  6:45  Probe  
  38  6:51  Probe  
  39  6:55  Probe  
  39  6:56  Probe  
  39  6:57  Stalker  
  39  6:58  Stalker  
  39  6:59  Stalker  
  47  7:02  Probe  
  47  7:07  Probe  
  49  7:11  Stalker  
  49  7:12  Probe, Stalker  
  49  7:13  Stalker  
  56  7:21  Probe  
  56  7:23  Probe  
  57  7:31  Probe  
  57  7:32  Immortal  
  57  7:33  Probe  
  57  7:35  Protoss Ground Weapons Level 1  
  63  7:42  Probe  
  64  7:44  Probe  
  64  7:45  Assimilator  
  64  7:49  Assimilator  
  64  7:52  Probe  
  64  7:54  Probe  
  64  7:55  Pylon  
  66  8:03  Probe  
  66  8:04  Stalker x2  
  66  8:05  Stalker  
  73  8:06  Stalker  
  73  8:07  Stalker  
  77  8:19  Stalker  
  79  8:20  Stalker  
  79  8:21  Stalker  
  79  8:23  Mothership Core  
  83  8:43  Probe  
  84  8:53  Probe  
  68  9:04  Probe  
  67  9:14  Probe  
  67  9:15  Stalker  
  67  9:16  Stalker  
  70  9:18  Stalker  
  70  9:19  Stalker  
  70  9:21  Immortal (Chrono Boost)  
  78  9:26  Stalker  
  78  9:27  Zealot  
  78  9:28  Zealot  
  78  9:29  Sentry  
  86  9:37  Protoss Ground Armor Level 1  
  86  9:41  Stalker  
  86  9:43  Stalker  
  86  9:44  Stalker  
  92  10:10  Pylon  
  92  10:17  Pylon  
  92  10:22  Pylon  
  92  10:26  Immortal (Chrono Boost)  
  81  10:56  Stalker  
  83  10:57  Stalker  
  83  10:58  Adept  
  83  10:59  Stalker  
  83  11:00  Immortal (Chrono Boost), Zealot  
  83  11:03  Stalker  
  97  11:04  Stalker  
  97  11:06  Stalker  
  101  11:11  Probe  
  101  11:16  Assimilator  
  102  11:22  Probe  
  103  11:32  Twilight Council, Probe  
  103  11:35  Immortal (Chrono Boost)  
  108  11:40  Stalker  
  108  11:41  Stalker x2  
  108  11:43  Probe, Stalker  
  117  11:55  Assimilator  
  117  11:57  Pylon  
  117  12:08  Mothership Core  
  116  12:09  Immortal (Chrono Boost)  
  112  12:19  Stalker  
  112  12:20  Stalker  
  112  12:21  Stalker  
  112  12:22  Stalker  
  119  12:23  Stalker  
  119  12:25  Stalker, Zealot  
  119  12:27  Zealot  
  105  12:49  Stalker  
  105  12:50  Stalker  
  105  12:51  Stalker  
  98  12:52  Stalker  
  98  12:54  Stalker  
  98  12:56  Stalker  
  66  14:15  Stalker x2  
  66  14:16  Stalker  
  72  14:19  Immortal (Chrono Boost)  
  72  14:20  Stalker  
  72  14:21  Stalker  
  72  14:22  Stalker  
  72  14:23  Stalker  
  84  14:35  Pylon  
  84  14:38  Stalker  
  84  14:39  Stalker  
  84  14:41  Stalker  
  84  14:44  Stalker  
  84  14:45  Stalker  
  94  14:46  Stalker  
  94  14:47  Stalker  
  102  14:53  Immortal (Chrono Boost)  
  102  15:01  Probe  
  103  15:07  Twilight Council  
  103  15:12  Robotics Facility  
  103  15:13  Probe  
  104  15:14  Robotics Facility  
  104  15:18  Stalker x2  
  104  15:19  Stalker  
  104  15:20  Stalker  
  112  15:21  Stalker  
  112  15:22  Stalker  
  112  15:25  Probe  
  117  15:55  Pylon  
  117  15:57  Pylon  
Show
View Real Time Build Order
Export as new Build Order

Fropez Protoss 

Build Orders: Nexus First 

Get SALT Encoding   

  12  0:01  Probe (Chrono Boost)  
  14  0:14  Probe (Chrono Boost)  
  14  0:24  Probe (Chrono Boost)  
  15  0:32  Pylon  
  15  0:53  Nexus  
  15  1:00  Probe (Chrono Boost)  
  16  1:15  Pylon  
  16  1:20  Probe (Chrono Boost)  
  17  1:26  Assimilator  
  17  1:30  Probe (Chrono Boost)  
  17  1:31  Assimilator  
  18  1:46  Gateway  
  18  1:47  Gateway  
  18  1:59  Pylon  
  18  2:01  Pylon  
  18  2:06  Probe (Chrono Boost)  
  18  2:07  Probe (Chrono Boost)  
  20  2:19  Probe (Chrono Boost)  
  20  2:20  Probe (Chrono Boost)  
  22  2:39  Probe (Chrono Boost)  
  22  2:40  Cybernetics Core  
  22  2:41  Probe (Chrono Boost)  
  24  2:55  Probe (Chrono Boost)  
  24  2:58  Probe (Chrono Boost)  
  27  3:05  Probe (Chrono Boost)  
  27  3:08  Probe (Chrono Boost)  
  28  3:12  Pylon  
  28  3:16  Probe (Chrono Boost)  
  28  3:19  Probe (Chrono Boost)  
  29  3:24  Stalker (Chrono Boost)  
  29  3:25  Stalker (Chrono Boost)  
  33  3:28  Warp Gate (Chrono Boost)  
  33  3:29  Mothership Core (Chrono Boost)  
  33  3:30  Probe (Chrono Boost)  
  33  4:15  Probe x2  
  34  4:25  Robotics Facility  
  34  4:27  Robotics Facility  
  34  4:28  Probe  
  34  4:29  Probe  
  36  4:40  Probe, Assimilator  
  36  4:43  Assimilator  
  35  4:52  Mothership Core  
  37  4:56  Probe  
  37  5:07  Gateway  
  37  5:10  Gateway  
  33  5:46  Probe  
  33  5:47  Probe  
  35  5:51  Stalker  
  34  6:12  Probe  
  34  6:13  Probe  
  36  6:24  Probe  
  37  6:35  Probe  
  37  6:37  Pylon  
  37  6:38  Pylon  
  38  6:45  Pylon  
  38  6:47  Stalker x3  
  38  6:48  Stalker  
  46  7:09  Probe  
  46  7:10  Probe  
  46  7:14  Warp Prism  
  50  7:21  Gateway  
  50  7:22  Probe, Gateway  
  51  7:23  Probe  
  51  7:26  Pylon  
  51  7:29  Forge  
  52  7:33  Pylon  
  52  7:34  Probe  
  52  7:35  Probe  
  52  7:46  Probe  
  53  7:54  Stalker x4  
  60  7:59  Probe x2  
  62  8:11  Probe  
  62  8:12  Protoss Ground Weapons Level 1 (Chrono Boost)  
  63  8:16  Probe  
  63  8:19  Twilight Council  
  64  8:23  Probe  
  65  8:28  Probe  
  66  8:41  Immortal  
  70  8:49  Zealot x2  
  70  8:50  Zealot x4  
  78  9:08  Probe x2  
  80  9:11  Blink  
  80  9:20  Probe, Immortal  
  85  9:25  Pylon  
  85  9:43  Pylon  
  85  9:46  Nexus  
  85  9:49  Assimilator  
  85  9:51  Assimilator  
  85  9:52  Stalker x3  
  89  9:54  Pylon  
  89  9:57  Pylon  
  91  10:02  Pylon  
  91  10:16  Stalker x2  
  91  10:20  Stalker x2  
  99  10:26  Zealot x2  
  99  10:46  Immortal (Chrono Boost)  
  99  10:48  Probe  
  99  10:49  Probe  
  97  10:59  Robotics Facility  
  97  11:00  Probe  
  97  11:01  Pylon  
  98  11:34  Probe  
  98  11:35  Probe  
  98  11:38  Gateway  
  98  11:39  Warp Prism (Chrono Boost)  
  102  11:40  Gateway  
  102  11:41  Photon Cannon  
  102  11:43  Photon Cannon  
  102  11:50  Pylon  
  102  11:52  Zealot x2  
  102  11:53  Zealot x3  
  112  12:06  Zealot  
  114  12:13  Probe  
  114  12:14  Probe x2  
  117  12:19  Stalker  
  117  12:20  Stalker x3  
  117  12:21  Stalker  
  125  12:32  Immortal (Chrono Boost)  
  99  13:02  Zealot x6  
  91  13:19  Probe  
  79  13:20  Probe x2  
  79  13:26  Stalker x2  
  79  13:27  Stalker x2  
  61  13:44  Gateway  
  61  13:47  Gateway x2  
  43  13:59  Stalker x2  
  43  14:02  Stalker x2  
  44  14:20  Pylon  
  44  14:23  Pylon  
  44  14:25  Pylon, Stalker x2  
  44  14:26  Stalker  
  50  14:34  Probe  
  50  14:35  Probe  
  52  15:06  Nexus  
  52  15:07  Probe  
  56  15:08  Probe  
  56  15:09  Pylon, Immortal (Chrono Boost)  
  58  15:17  Probe  
  58  15:20  Probe  
  60  15:29  Probe  
  60  15:32  Probe  
  62  15:39  Probe  
  67  15:44  Probe, Immortal (Chrono Boost)  
  72  15:50  Probe  
  73  16:03  Dark Shrine  
  73  16:07  Pylon  
Tags
 
Matchup
PvP
Replay Pack
All Mines
Spawn Locations
Close Positions
Add a new tag
Caveats
  • Supply blocks, unpowered buildings, or Contaminate may cause inaccurate times.
  • Supply counts are checked every 10 seconds.